woodfighter, chaotic female elven Priestess ----- ------ -------- |.(.| |..{..######|......| #####....-##%f@a |....| #|...>..| # |*..| ..<..| #|.......# ### |...| ---|-- #---.----# -.--- `####%#### # ### # ### # ### # # # # ### # ### -.---------- ### # |..........| # ##|..........| ### |..........| # |..........| ##...........| ------------ woodfighter the Adept Experience level: 6 Strength: 9 Dexterity: 13 Constitution: 16 Intelligence: 19 Wisdom: 7 Charisma: 9 Health: 0(48) Energy: 50(50) Def: 5 Gold: 640 Moves: 2389 Dungeon seed: KYUkArvpRFfULtSw Game ID: woodfighter_1534406633 Your Inventory: Coins $ - 640 gold pieces Weapons a - a blessed corroded +1 mace (weapon in hand) Armor e - a +0 robe (being worn) n - a +0 small shield (being worn) q - a +0 dwarvish cloak r - a +0 pair of jumping boots (being worn) z - a +0 orcish helm (being worn) N - a +0 mummy wrapping Comestibles c - a clove of garlic d - a sprig of wolfsbane B - a partly eaten food ration H - a food ration K - a tin of lichen Scrolls l - a blessed scroll of enchant armor m - 2 scrolls of identify w - a scroll of scare monster E - a scroll of enchant armor L - a scroll of water O - a cursed scroll of enchant weapon Spellbooks g - a spellbook of protection h - a blessed spellbook of detect monsters D - a spellbook of extra healing Potions b - 4 potions of holy water s - a cursed potion of fruit juice t - a potion of enlightenment A - a cursed potion of enlightenment C - a potion of unholy water I - 2 cursed potions of hallucination J - a potion of hallucination Rings M - a cursed ring of hunger Wands f - a wand of cancellation (0:1) k - a wand of enlightenment (0:11) p - a wand of enlightenment (0:13) v - a wand of light (0:13) F - a wand of magic missile (0:1) Tools i - a magic marker (0:82) y - a credit card Spells and supernatural/magical abilities: Name Level Category Fail Memory n - detect monsters 1 divination 0% 89% p - protection 1 clerical 0% 89% W - pray for help -- divine ? -- X - turn undead -- divine ? -- Y - supernatural jump -- ability ? -- Your skills at the end: Miscellaneous Skills shield [Basic] wands [Basic] Weapon Skills mace [Skilled] Spellcasting Skills clerical spells [Basic] Final Attributes: You were piously aligned. You were sleep resistant. Your writing hand was ok. You had infravision. You were stealthy. You could jump. You are dead. Vanquished creatures: a giant beetle a dwarf mummy a dwarf lord a soldier ant a rock piercer a fog cloud a shrieker a floating eye 2 kobold lords a kobold shaman an iguana a giant bat a dwarf zombie 4 killer bees 2 coyotes a gas spore 3 hobbits 4 acid blobs a large kobold 2 geckos a hobgoblin a giant rat a yellow mold a gnome 6 jackals a kobold 5 newts 4 goblins 2 sewer rats 4 grid bugs 4 lichens 2 kobold zombies 63 creatures vanquished. Voluntary challenges: You did not adorn yourself with jewelry or accessories. You did not cause conflict. You were not invisible. You did not have reflection. You were not displaced. You had been an atheist until turn 1975. You used a wielded weapon 86 times, starting on turn 10. You did not apply a unicorn horn. You did not use plumbed fixtures. You did not drink any magical draughts. You were illiterate. You never genocided any monsters. You never polymorphed an object. You never changed form. You used no wishes. You never split a pudding. You never wrote Elbereth's name. You never violated your personal moral code. Dungeon overview: The Dungeons of Doom: levels 1 to 8 Level 1 a fountain a long staircase Level 2 (water) an altar to Poseidon, some fountains stairs to The Gnomish Mines Level 3 Level 4 (vault + water) a fountain Level 5 a fountain Level 6 many fountains Level 7 <- You were here a fountain Level 8 The Gnomish Mines: Level 3 stairs to The Dungeons of Doom History has recorded: On T:1 you entered the Dungeons of Doom to retrieve the Amulet of Yendor! On T:152 you reached level 2 of The Dungeons of Doom. On T:355 you reached level 3 of The Dungeons of Doom. On T:547 you advanced to experience level 2. On T:643 you reached level 1 of The Gnomish Mines. On T:741 you advanced to experience level 3. On T:981 you reached level 4 of The Dungeons of Doom. On T:991 you advanced to experience level 4. On T:1159 you reached level 5 of The Dungeons of Doom. On T:1753 you reached level 6 of The Dungeons of Doom. On T:1975 you prayed to Poseidon. On T:1982 you advanced to experience level 5. On T:2072 you reached level 7 of The Dungeons of Doom. On T:2155 you advanced to experience level 6. On T:2280 you reached level 8 of The Dungeons of Doom. Score breakdown: Gold: 640 ( 64 points) Experience: 6 levels ( 500 points) Exploration: 8 levels ( 210 points) Discoveries: 17 items ( 850 points) Variety of kills: 32 monsters ( 1600 points) Major goal: (nothing yet) ( 0 points) Survival: died (score multiplied by 3) Total score: 9672 Latest messages: The door opens. An acid blob blocks your way. You kill the acid blob! The magic missile hits it. You see here an acid blob corpse. You stop exploring. You kill the soldier ant! O - a cursed scroll labeled FROBOZZ MAGIC SCROLL CO. You see here a soldier ant corpse. The soldier ant bites! The soldier ant stings! The soldier ant's sting was poisoned! You feel weaker! The magic missile hits the soldier ant! The magic missile hits it. (2x) The soldier ant bites! The soldier ant misses. The magic missile hits the soldier ant! The magic missile hits it. (2x) The soldier ant bites! The soldier ant stings! The soldier ant's sting was poisoned! You die... Final status: Goodbye woodfighter the Priestess, poisoned by a soldier ant... You died in The Dungeons of Doom on dungeon level 7 with 9672 points, and 640 pieces of gold, after 2389 moves. You were level 6 with a maximum of 48 hit points when you died.